 Dungeon Crawl Stone Soup version 0.31.0-32-g396128a36d (webtiles) character file.

Game seed: 3116716417352410367

4748 KittyFluff the Ruffian (level 10, -3/98 HPs)
             Began as a Troll Shapeshifter on Mar 31, 2024.
             Was a Believer of Trog.
             Slain by a harpy (shapeshifter) (7 damage)
             ... on level 8 of the Dungeon.
             The game lasted 00:29:13 (6448 turns).

KittyFluff the Ruffian (Troll Shapeshifter)         Turns: 6448, Time: 00:29:14

Health: -3/98      AC:  7    Str: 26    XL:     10   Next: 23%
Magic:  9/9        EV: 26    Int:  6    God:    Trog [**....]
Gold:   479        SH:  0    Dex: 11    Spells: 9/9 levels left

rFire   . .          .
                       - Unarmed
rCold   . . .        (no shield)
rNeg    . . .        t - +0 steam dragon scales
rPois   .            (helmet currently unavailable)
rElec   .            (cloak currently unavailable)
rCorr   +            (gloves unavailable)
SInv    .            (boots unavailable)
Will    .....        e - amulet of the acrobat
Stlth   ++           y - ring of resist corrosion
HPRegen 1.16/turn    (no ring)
MPRegen 0.11/turn

%: acrobat, clarity
@: beast-form, acrobatic
A: beast (slay +4), large, unfitting armour, claws 3, regeneration 1, shaggy fur
1, tough skin 1, hooves 1, camouflage 1, clarity
a: Begin Untransformation, Renounce Religion, Berserk, Trog's Hand


You were on level 8 of the Dungeon.
You worshipped Trog.
Trog was pleased with you.
You were a hulking beast.
You visited 2 branches of the dungeon, and saw 9 of its levels.

You collected 479 gold pieces.

Inventory:

Hand Weapons
 p - a +0 orcbow
 s - a +0 quarterstaff
 C - a +0 demon whip
 I - a +3 scythe of venom
 J - a +0 sling
 N - a +2 flail of freezing
 T - a +1 whip of freezing
Missiles
 h - 70 stones (quivered)
 B - 10 poisoned darts
 D - 12 boomerangs
 P - 4 javelins
Armour
 t - +0 steam dragon scales (worn)
 x - a +0 cloak
 G - a +0 pair of gloves
 O - a +0 buckler
 S - +0 ice dragon scales
Jewellery
 e - an amulet of the acrobat (around neck)
 g - a ring of resist corrosion
 q - a ring of ice
 y - a ring of resist corrosion (left claw)
 R - a ring of fire
Talismans
 c - a beast talisman
 d - a flux talisman
 L - a blade talisman
Wands
 o - a wand of quicksilver (10)
 M - a wand of roots (18)
 U - a wand of paralysis (2)
Scrolls
 f - 3 scrolls of revelation {unknown}
 k - a scroll of silence {unknown}
 l - 3 scrolls of enchant weapon {unknown}
 m - a scroll of immolation {unknown}
 n - 2 scrolls of summoning
 v - 2 scrolls of noise {unknown}
 z - a scroll of torment {unknown}
 E - 2 scrolls of fog {unknown}
 F - a scroll of poison {unknown}
 H - 2 scrolls of amnesia {unknown}
 K - a scroll of teleportation {unknown}
Potions
 a - 2 potions of cancellation
 b - a potion of lignification
 i - a potion of resistance
 j - a potion of enlightenment
 u - 2 potions of haste
 w - a potion of magic {unknown}
 A - 4 potions of curing
 Q - a potion of ambrosia {unknown}
 V - a potion of might {unknown}


   Skills:
 + Level 5.8 Fighting
 + Level 4.8 Maces & Flails
 + Level 6.0 Dodging
 + Level 7.7 Unarmed Combat
 + Level 7.1 Shapeshifting


You had 9 spell levels left.
You didn't know any spells.
Your spell library contained the following spells:

 Spells                   Type           Power      Damage    Failure   Level
 Foxfire                  Conj/Fire      0%         2x1d4     45%         1
 Plasma Beam              Fire/Air       0%         2x1d10    100%        6
 Starburst                Conj/Fire      0%         6d3       100%        6


Dungeon Overview and Level Annotations

Branches:
Dungeon (8/15)             Temple (1/1) D:4
   Lair: D:8-11

Altars:
Ashenzari
Dithmenos
Elyvilon
Fedhas
Gozag
Hepliaklqana
Kikubaaqudgha
Makhleb
Nemelex Xobeh
Okawaru
Qazlal
Ru
Sif Muna
Trog
Uskayaw
Vehumet
Wu Jian
Xom
Yredelemnul
Zin
The Shining One


Innate Abilities, Weirdness & Mutations

You are a hulking beast.
Your limbs bulge with bestial killing power. (Slay +4)
You are too large for most types of armour.
You have claws for hands.
Your natural rate of healing is unusually fast.
You are covered in fur. (AC +1)
You have tough skin. (AC +1)
You have large cloven feet.
Your skin changes colour to match your surroundings (Stealth+).
You possess an exceptional clarity of mind.


Message History

The vampire mosquito is heavily damaged.
The vampire mosquito bites you but does no damage.
You closely miss the vampire mosquito. You claw the vampire mosquito.
The vampire mosquito is severely damaged.
The vampire mosquito closely misses you.
The vampire mosquito bites you.
The vampire mosquito draws strength from your injuries!
You mangle the vampire mosquito!!
You destroy the vampire mosquito!
Trog accepts your kill. The harpy closely misses you. The harpy misses you.
You closely miss the harpy. The harpy claws you! The harpy barely misses you.
The centaur warrior shoots an arrow.
The arrow hits you!
The centaur warrior shoots an arrow.
The arrow misses you.
You scratch the harpy.
The harpy is lightly wounded.
The harpy claws you. The harpy claws you!
The centaur warrior shoots an arrow.
The arrow hits you!!
* * * LOW HITPOINT WARNING * * *
It was a potion of mutation.
You feel extremely strange.
Your feet thicken and deform.
Your skin functions as natural camouflage.
Your thoughts seem clearer.
The centaur warrior shoots an arrow.
The arrow hits you!
* * * LOW HITPOINT WARNING * * *
As you read the scroll labelled DIUHUV NIECUA, it crumbles to dust.
Wisps of shadow whirl around you...
It was a scroll of summoning.
The harpy claws you but does no damage. The harpy claws you!
* * * LOW HITPOINT WARNING * * *
The harpy claws your two-headed ogre!
The harpy claws your two-headed ogre but does no damage.
You swap places.
The harpy closely misses your orc. The harpy claws your orc. x2
Your orc dies!
Your orc's corpse dissolves into shadows!
Your shadow imp completely misses the harpy.
Something hits your two-headed ogre! Something kicks your two-headed ogre.
The harpy completely misses you. x2; Your shadow imp hits the harpy.
The harpy attacks as it pursues you! The harpy misses you.
The harpy completely misses you. x2; The harpy claws you!
You die...

#.....)....#.......###.###
#.#.#.
########...'...........#
#.#.#.
.......#####.......#####
#.#.#. .......# #.......#
#.#.#. .......# #.......#
#.#.#. .......# #.......#
#.#.#. .......# #.......#
######.#.## .......#
#####.### #..........
.......# #h# #.####.#.##
.......# #H## #.# #.#...
.......# #.5# #.# #.####
.......# ##O# #.# #.#
.......# #†# #.# #.#
##..#### #...# #.# #.#
##.### #...# #.####.#
#.).# #...# #.##...# ###.#
.###. #.##.###


You could see a harpy shaped shifter (ally target), a friendly two-headed ogre
(summoned) and a friendly shadow imp (summoned).

Vanquished Creatures
  Erica (D:8)
  The ghost of tdove the Digger, a novice OpEE (D:7)
  A hornet (D:8)
  Grinder (D:4)
  Sigmund (D:3)
  Eustachio (D:5)
  A vampire (D:7)
  A steam dragon (D:4)
  A vampire mosquito (D:8)
  An ice beast (D:7)
  A black bear (D:4)
  2 ogres
  A centaur (D:7)
  2 phantoms
  Blork the orc (D:5)
  2 bullfrogs
  4 scorpions
  12 wights
  A howler monkey (D:6)
  5 jellies
  2 bombardier beetles (D:5)
  3 hounds
  An orc priest (D:8)
  2 sleepcaps (D:5)
  Ijyb (D:5)
  Crazy Yiuf (D:4)
  8 orc wizards
  An iguana (D:6)
  8 adders
  6 gnolls
  3 white imps
  6 dart slugs
  A ribbon worm (D:3)
  25 orcs
  7 bats
  9 endoplasms
  2 giant cockroaches
  8 goblins
  5 hobgoblins
  12 jackals
  2 quokkas
  10 ball pythons
  3 frilled lizards
  6 kobolds
  6 rats
179 creatures vanquished.

Notes
Turn   | Place    | Note
-------+----------+-------------------------------------------
     0 | D:1      | KittyFluff the Troll Shapeshifter began the quest for the
                  | Orb.
     0 | D:1      | Reached XP level 1. HP: 18/18 MP: 0/0
    75 | D:1      | Reached skill level 1 in Fighting
    97 | D:1      | Reached XP level 2. HP: 26/27 MP: 1/1
   266 | D:1      | Reached XP level 3. HP: 33/33 MP: 2/2
   556 | D:2      | Reached XP level 4. HP: 29/42 MP: 3/3
   625 | D:3      | Found an iron altar of Okawaru.
   708 | D:3      | Found a shimmering blue altar of Sif Muna.
   866 | D:3      | Reached XP level 5. HP: 11/49 MP: 4/4
  1078 | D:3      | You fall into a shaft and drop 1 floor!
  1086 | D:4      | Noticed a steam dragon
  1094 | D:4      | Killed a steam dragon
  1095 | D:4      | Reached XP level 6. HP: 20/59 MP: 5/5
  1096 | D:4      | Noticed Grinder
  1101 | D:4      | Paralysed by Grinder for 4 turns
  1109 | D:4      | Paralysed by Grinder for 2 turns
  1112 | D:4      | Killed Grinder
  1207 | D:4      | Reached XP level 7. HP: 65/67 MP: 6/6
  1353 | D:4      | Found a runed translucent door.
  1354 | D:4      | Noticed Crazy Yiuf
  1360 | D:4      | Killed Crazy Yiuf
  1493 | D:4      | Reached skill level 5 in Unarmed Combat
  1709 | D:2      | Found a faded altar of an unknown god.
  2199 | D:3      | Noticed Sigmund
  2206 | D:3      | Killed Sigmund
  2207 | D:3      | Reached skill level 1 in Maces & Flails
  2207 | D:3      | Reached skill level 5 in Shapeshifting
  2207 | D:3      | Reached XP level 8. HP: 42/78 MP: 7/7
  2573 | D:4      | Found a staircase to the Ecumenical Temple.
  2631 | Temple   | Entered the Ecumenical Temple
  2637 | Temple   | Became a worshipper of Trog the Wrathful
  2913 | D:5      | Entered Level 5 of the Dungeon
  2913 | D:5      | Found a shimmering altar of Xom.
  3203 | D:5      | Noticed Eustachio
  3214 | D:5      | Killed Eustachio
  3272 | D:5      | Noticed Ijyb
  3285 | D:5      | Killed Ijyb
  3337 | D:5      | Noticed Blork the orc
  3345 | D:5      | Killed Blork the orc
  3836 | D:6      | Found a white marble altar of Elyvilon.
  3837 | D:6      | Found a sparkling altar of Nemelex Xobeh.
  3838 | D:6      | Found a glowing golden altar of the Shining One.
  3889 | D:6      | Reached XP level 9. HP: 84/85 MP: 8/8
  3953 | D:6      | Reached * piety under Trog
  4438 | D:7      | HP: 1/85 [something (4)]
  4444 | D:7      | Reached skill level 5 in Dodging
  4764 | D:7      | Found a runed translucent door.
  4765 | D:7      | Noticed tdove's ghost (novice OpEE)
  4888 | D:7      | Reached skill level 5 in Fighting
  5252 | D:7      | Killed tdove's ghost
  5411 | D:8      | Noticed Erica
  5420 | D:8      | Killed Erica
  5421 | D:8      | Reached XP level 10. HP: 20/98 MP: 9/9
  5848 | D:8      | Reached ** piety under Trog
  6430 | D:8      | Noticed a centaur warrior
  6435 | D:8      | a yak changed into a harpy
  6435 | D:8      | Noticed a harpy (shapeshifter)
  6444 | D:8      | Gained mutation: You have large cloven feet. [potion of
                  | mutation]
  6444 | D:8      | Gained mutation: Your skin changes colour to match your
                  | surroundings (Stealth+). [potion of mutation]
  6444 | D:8      | Gained mutation: You possess an exceptional clarity of
                  | mind. [potion of mutation]
  6445 | D:8      | HP: 1/98 [harpy (shapeshifter) (8)]
  6448 | D:8      | Slain by a harpy (shapeshifter)

Illustrated notes

Levels and vault maps discovered:
D:1:      minmay_arrival_plants_in_alcoves, layout_rooms, hex_large,
          minmay_pentomino_v2
D:2:      layout_rooms, hellmonk_ecumenical_altar_run_dry
D:3:      layout_loops_ring, mainiacjoe_overflow_six_doors_small,
          mainiacjoe_overflow_surrounded_room, uniq_sigmund
D:4:      layout_loops_ring, minmay_temple_entry_large_hall, minivault_24,
          uniq_crazy_yiuf_cottage, uniq_grinder
D:5:      layout_gridville, mainiacjoe_overflow_chevrons, uniq_ijyb,
          uniq_eustachio, uniq_blork_the_orc
D:6:      layout_rooms, chequers_temple_overflow_statue_of_worship
D:7:      layout_loops_corners, gammafunk_ghost_grave, ldierk_geyser,
          hangedman_decor_riveting
D:8:      minmay_blocky_corners, layout_basic, grunt_decor_mini_mirrors,
          uniq_erica
Temple:   hellmonk_temple_two_chambers

Skill      XL: |  1  2  3  4  5  6  7  8  9 10 |
---------------+-------------------------------+-----
Fighting       | 1 2 3 4 5 |  5.8
Dodging        | 2 3 4 5 6 |  6.0
Unarmed Combat | 4 5 6 7 |  7.7
Shapeshifting  | 4 5 6 7 |  7.1
Maces & Flails | 1 3 4 |  4.8

Action                     |  1- 3 |  4- 6 |  7- 9 | 10-12 || total
---------------------------+-------+-------+-------+-------++-------
  Melee: Unarmed           |    78 |    92 |   261 |    54 ||   485
         Punch             |       |     4 |    12 |     2 ||    18
  Throw: Stone             |       |     5 |    17 |       ||    22
    Use: Scroll            |       |       |     6 |     1 ||     7
         Potion            |       |       |     2 |     1 ||     3
 Armour: Animal skin       |    40 |    62 |    33 |       ||   135
         Steam dragon scal |       |       |   108 |    41 ||   149
  Dodge: Dodged            |    52 |    55 |   122 |    31 ||   260
